 Dungeon Crawl Stone Soup version 0.32-a0-900-g30fb1b0 (webtiles) character file.

Game seed: 14187306991863461808

4255 jinhoftyu the Spry (level 10, -12/69 HPs)
             Began as a Merfolk Gladiator on Apr 5, 2024.
             Was a Priest of Beogh.
             Killed from afar by Bogwald the orc apostle (16 damage)
             ... with a foxfire
             ... on level 7 of the Dungeon.
             The game lasted 00:16:33 (8364 turns).

jinhoftyu the Spry (Merfolk Gladiator)              Turns: 8364, Time: 00:16:34

Health: -12/69     AC:  6    Str: 16    XL:     10   Next: 31%
Magic:  10/10      EV: 24    Int: 10    God:    Beogh [***...]
Gold:   508        SH:  0    Dex: 23    Spells: 9/9 levels left

rFire   x . .        a - +0 long sword
rCold   . . .        (no shield)
rNeg    . . .        b - +0 leather armour
rPois   .            c - +0 helmet
rElec   .            v - +0 cloak
rCorr   +            (no gloves)
SInv    .            x - +0 pair of boots "Xairr" {rF- Int+3 Dex+4}
Will    .....        (no amulet)
Stlth   ++           p - ring of resist corrosion
HPRegen 0.31/turn    (no ring)
MPRegen 0.12/turn

%: no passive effects
@: invisible
A: (nimble swimmer 2), mertail
a: Renounce Religion, Smiting


You were on level 7 of the Dungeon.
You worshipped Beogh.
Beogh was most pleased with you.
You visited 1 branch of the dungeon, and saw 8 of its levels.

You collected 508 gold pieces.

Inventory:

Hand Weapons
 a - a +0 long sword (weapon)
Missiles
 d - 2 throwing nets (quivered)
 e - 6 javelins
 g - 107 stones
 k - 20 poisoned darts
Armour
 b - a +0 leather armour (worn)
 c - a +0 helmet (worn)
 v - a +0 cloak (worn)
 x - the +0 pair of boots "Xairr" (worn) {rF- Int+3 Dex+4}
   (You found it on level 3 of the Dungeon)

   Int+3:     It affects your intelligence (+3).
   Dex+4:     It affects your dexterity (+4).
   rF-:       It makes you vulnerable to fire.
Jewellery
 p - a ring of resist corrosion (left hand)
Wands
 s - a wand of quicksilver (2)
Scrolls
 h - a scroll of identify
 j - a scroll of amnesia
 l - 3 scrolls of fear
 m - 2 scrolls of enchant weapon
 q - 2 scrolls of poison
 r - a scroll of teleportation
 u - a scroll of fog
Potions
 f - a potion of brilliance
 i - a potion of attraction


   Skills:
 + Level 2.9 Fighting
 - Level 14.0 Long Blades
 - Level 2.0 Throwing
 - Level 15.8 Dodging
 + Level 1.7 Stealth


You had 9 spell levels left.
You didn't know any spells.
Your spell library contained the following spells:

 Spells                   Type           Power      Damage    Failure   Level
 Apportation              Tloc           0%         N/A       43%         1
 Magic Dart               Conj           0%         1d3       43%         1
 Necrotise                Necr           0%         1d4       43%         1
 Shock                    Conj/Air       0%         1d3       43%         1
 Sting                    Conj/Alch      0%         1d3       43%         1
 Summon Small Mammal      Summ           0%         N/A       43%         1
 Blink                    Tloc           0%         N/A       56%         2
 Call Imp                 Summ           0%         N/A       56%         2
 Cigotuvi's Dreadful Rot  Necr/Alch/Air  0%         N/A       56%         2
 Swiftness                Air            0%         N/A       80%         3
 Airstrike                Air            0%         2d(0-16)  99%         4
 Ignite Poison            Fire/Alch      0%         N/A       99%         4
 Freezing Cloud           Conj/Ice/Air   0%         6-21      100%        5


Dungeon Overview and Level Annotations

Branches:
Dungeon (8/15)             Temple (0/1) D:6
   Lair: D:8-11

Altars:
Ashenzari
Makhleb
Nemelex Xobeh
Okawaru
Qazlal
Trog
Vehumet
Wu Jian
Xom
Yredelemnul
Zin
The Shining One

Shops:
D:4 :   D:7 :

Annotations:
D:7 3 runed translucent doors, 10x100's ghost, novice MiBe; Lovepenguin's ghost, novice DEHu; ooops's ghost, novice CoGl


Innate Abilities, Weirdness & Mutations

Your facial features look somewhat orcish.
((You are very nimble when in or above water. (Stealth+, EV+, Speed+++)))
Your lower body shifts to a powerful aquatic tail in water.


Message History

Beogh accepts your kill.
Bogwald the orc apostle comes into view.
He is wielding the +11 dagger of the Growing Priest {spect, rCorr MP+9 Str-4 Int+6} and wearing a +0 robe of cold resistance.
Bogwald gestures at you while chanting.
You are confused.
You bump into the rock wall.
Bogwald mumbles some strange words.
Bogwald conjures some foxfire!
A foxfire comes into view.
You're too confused to move!
Bogwald casts a spell.
Bogwald conjures some foxfire!
A foxfire comes into view.
Press: ? - help, v - describe, . - travel
Here: a foxfire (wisps of flame)
The floor.
Unknown command.
There are monsters nearby!
You are too confused!
You fade into invisibility!
The foxfire hits you! The fire burns you terribly!
Bogwald mumbles some strange words.
Bogwald conjures some foxfire!
A foxfire comes into view.
A foxfire comes into view.
The foxfire hits you!! The fire burns you terribly!
Bogwald gestures wildly while chanting.
Bogwald conjures some foxfire! 2 foxfires come into view.
You bump into the rock wall.
You feel less confused. The foxfire hits you! The fire burns you terribly!
The foxfire hits you! The fire burns you terribly!
* * * LOW HITPOINT WARNING * * *
The foxfire hits you. The fire burns you terribly!
* * * LOW HITPOINT WARNING * * *
Bogwald gestures wildly while chanting.
Bogwald conjures some foxfire! 2 foxfires come into view.
The foxfire hits you! The fire burns you terribly!
You die...

.#### #.#.#.#..#.v# .#
#.#.#.#..#o.# .#
#.#.#.#..#§)# .#
#)#.#.#..#..# ##
#.#.#.#.##..# #####
#)#.#.#.....# ....#
#)#.#...##§.#
....###)#.#.####v.#
....#.....#.....@.#
#######..>.....#..#
#♣⌠♣[##...........#
#W...ß###...##.##########
#W....) #..#............#
+.....? #......#######.##
+.....ß #........# #.#
+......######....# #.#
#.....$#.........#####.#


You could see Bogwald the orc apostle (divinely empowered).

Vanquished Creatures
  A two-headed ogre (D:7)
  Jeremiah (D:6)
  Prince Ribbit (D:6)
  2 water moccasins
  2 ice beasts (D:7)
  An ogre (D:6)
  A black bear (D:5)
  A centaur (D:6)
  2 phantoms (D:4)
  Blork the orc (D:5)
  A kobold brigand (D:6)
  A bullfrog (D:4)
  3 scorpions
  An orc priest (D:5)
  3 bombardier beetles
  4 hounds
  A gnoll bouda (D:7)
  A jelly (D:4)
  Jessica (D:2)
  3 sleepcaps
  4 iguanas
  5 orc wizards
  9 adders
  6 gnolls
  A shadow imp (D:6)
  2 ufetubi (D:5)
  2 ribbon worms (D:2)
  3 dart slugs (D:2)
  12 orcs
  6 ball pythons
  5 endoplasms
  4 giant cockroaches
  9 goblins
  9 hobgoblins
  5 jackals
  17 kobolds
  4 quokkas
  2 bats (D:1)
  3 frilled lizards
  5 rats
145 creatures vanquished.

Vanquished Creatures (others)
  2 orcs (D:4)
  An endoplasm (D:4)
  8 foxfires (D:7)
11 creatures vanquished.

Grand Total: 156 creatures vanquished

Notes
Turn   | Place    | Note
-------+----------+-------------------------------------------
     0 | D:1      | jinhoftyu the Merfolk Gladiator began the quest for the
                  | Orb.
     0 | D:1      | Reached XP level 1. HP: 16/16 MP: 1/1
    49 | D:1      | You fall into a shaft and drop 1 floor!
   123 | D:2      | Reached XP level 2. HP: 8/22 MP: 2/2
   128 | D:2      | Became a worshipper of Beogh the Shepherd
   337 | D:1      | Found a faded altar of an unknown god.
   380 | D:1      | Reached skill level 5 in Long Blades
   380 | D:1      | Reached XP level 3. HP: 18/27 MP: 3/3
   957 | D:2      | Reached XP level 4. HP: 29/33 MP: 4/4
   994 | D:2      | Noticed Jessica
  1007 | D:2      | Killed Jessica
  1082 | D:2      | Reached * piety under Beogh
  1534 | D:2      | Reached XP level 5. HP: 38/38 MP: 5/5
  2122 | D:3      | Identified the +0 pair of boots "Xairr" {rF- Int+3 Dex+4}
  2844 | D:4      | Found a bloodstained altar of Trog.
  2941 | D:4      | Noticed a phantom
  2961 | D:4      | Killed a phantom
  2962 | D:4      | Reached XP level 6. HP: 39/44 MP: 6/6
  2968 | D:4      | Found an ornate altar of the Wu Jian Council.
  2968 | D:4      | Found a stormy altar of Qazlal.
  2968 | D:4      | Found a shimmering altar of Xom.
  3133 | D:4      | Found a glowing silver altar of Zin.
  3145 | D:4      | Found a burning altar of Makhleb.
  3333 | D:4      | Found Zehezy's Book Boutique.
  3458 | D:4      | Reached XP level 7. HP: 32/50 MP: 7/7
  3490 | D:4      | Reached ** piety under Beogh
  3497 | D:4      | Reached skill level 10 in Long Blades
  4272 | D:4      | Found a sparkling altar of Nemelex Xobeh.
  4311 | D:5      | Entered Level 5 of the Dungeon
  4591 | D:5      | Noticed Blork the orc
  4600 | D:5      | Killed Blork the orc
  4620 | D:5      | Reached XP level 8. HP: 18/56 MP: 8/8
  4886 | D:5      | Found an iron altar of Okawaru.
  5229 | D:5      | Found a basalt altar of Yredelemnul.
  5231 | D:5      | Found a broken altar of Ashenzari.
  5280 | D:5      | HP: 2/56 [iguana (11)]
  5994 | D:6      | Reached skill level 15 in Dodging
  5994 | D:6      | Reached XP level 9. HP: 61/61 MP: 9/9
  6004 | D:6      | Noticed Prince Ribbit
  6035 | D:6      | Killed Prince Ribbit
  6176 | D:6      | Found a staircase to the Ecumenical Temple.
  6408 | D:6      | Reached *** piety under Beogh
  6426 | D:6      | Noticed Bogrim
  6456 | D:6      | HP: 2/61 [Bogrim the orc apostle/divine providence (13)]
  6461 | D:6      | HP: 1/61 [Bogrim the orc apostle/divine providence (9)]
  7036 | D:6      | Noticed Jeremiah
  7050 | D:6      | Killed Jeremiah
  7484 | D:7      | Reached XP level 10. HP: 60/67 MP: 10/10
  7570 | D:7      | Found Cuwotec's Vocational Training.
  7633 | D:7      | Found a radiant altar of Vehumet.
  7634 | D:7      | Found a glowing golden altar of the Shining One.
  7896 | D:7      | Found a runed translucent gate.
  7896 | D:7      | Found a runed translucent gate.
  7900 | D:7      | Found a runed translucent gate.
  7901 | D:7      | Noticed 10x100's ghost (novice MiBe)
  7901 | D:7      | Noticed Lovepenguin's ghost (novice DEHu)
  7902 | D:7      | Noticed ooops's ghost (novice CoGl)
  8298 | D:8      | Noticed a two-headed ogre
  8350 | D:7      | Killed a two-headed ogre
  8351 | D:7      | Reached skill level 1 in Stealth
  8353 | D:7      | Identified the +11 dagger of the Growing Priest {spect,
                  | rCorr MP+9 Str-4 Int+6}
  8353 | D:7      | Noticed Bogwald
  8362 | D:7      | HP: 3/69 [Bogwald the orc apostle/foxfire (6)]
  8364 | D:7      | Killed from afar by Bogwald the orc apostle

Illustrated notes

Levels and vault maps discovered:
D:1:      psy_arrival_dodecagon, layout_basic, basic_ecumenical_altar,
          chequers_serial_rivers_micro_b, hangedman_decor_clover_reticule
D:2:      layout_loops_ring, minmay_vboxes, uniq_jessica
D:3:      layout_basic, serial_glass, glass_columns_b, glass_columns_b,
          glass_columns_a, glass_columns_b
D:4:      layout_rooms, trog_hazing_becter, minitemple, lemuel_crystal_altar,
          serial_shops, kennysheep_mini_moat, nzn_random_ring
D:5:      layout_loops_ring, okawaru_trees_2, nicolae_overflow_squiral,
          chequers_serial_rivers_micro_e, uniq_blork_the_orc
D:6:      layout_gridville, minmay_temple_entry_glassed_door, uniq_jeremiah,
          uniq_prince_ribbit1
D:7:      layout_basic, gammafunk_temple_overflow_pools,
          gammafunk_ghost_cemetery, nicolae_shop_vocational
D:8:      layout_cave_pools, uniq_maurice, uniq_erica

Skill      XL: |  1  2  3  4  5  6  7  8  9 10 |
---------------+-------------------------------+-----
Long Blades    | 4 5 6 8 9 11 12 13 14 | 14.0
Dodging        | 15 | 15.8
Stealth        | 1 |  1.7
Fighting       | |  2.9
Throwing       | |  2.0

Action                     |  1- 3 |  4- 6 |  7- 9 | 10-12 || total
---------------------------+-------+-------+-------+-------++-------
  Melee: Long sword        |    27 |   194 |   261 |    53 ||   535
         Short sword       |    77 |    14 |       |       ||    91
         Tailslap          |       |     2 |     9 |       ||    11
  Throw: Throwing net      |     1 |       |       |     1 ||     2
         Dart              |       |       |       |     4 ||     4
 Invoke: Convert to Beogh  |     1 |       |       |       ||     1
         Smiting           |       |       |     3 |       ||     3
  Evoke: Wand              |       |       |     8 |     1 ||     9
    Use: Potion            |       |     2 |    12 |     1 ||    15
         Scroll            |       |    13 |     3 |     2 ||    18
   Stab: Sleeping          |       |     2 |     2 |       ||     4
         Held in net/web   |       |       |       |     1 ||     1
 Armour: Leather armour    |    44 |   120 |   138 |    11 ||   313
  Dodge: Dodged            |    50 |   179 |   217 |    40 ||   486

Table legend: (Time is in decaauts)
 A = Elapsed time spent in this place.
 B = Non-inter-level travel time spent in this place.
 C = Inter-level travel time spent in this place.
 D = Time resting spent in this place.
 E = Time spent auto-exploring this place.
 F = Levels seen in this place.
 G = Mean time per level.
                   A        B        C        D        E       F      G
               +--------+--------+--------+--------+--------+-----+--------+
         Total |   8252 |   7981 |    271 |   1674 |   5003 |   8 | 1031.5 |
       Dungeon |   8252 |   7981 |    271 |   1674 |   5003 |   8 | 1031.5 |
               +--------+--------+--------+--------+--------+-----+--------+

Top non-repeatable levels by time:
     D:6: 1641 daAuts
     D:4: 1546 daAuts
     D:5: 1433 daAuts
     D:2: 1002 daAuts
     D:3: 971 daAuts
     D:7: 871 daAuts
     D:1: 780 daAuts
     D:8: 4 daAuts
